 Dungeon Crawl Stone Soup version 0.28.0 (webtiles) character file.

Game seed: 11533567472387267064

3257 laceratedsky the Cleaver (level 9, -5/84 HPs)
             Began as a Minotaur Berserker on Feb 7, 2022.
             Was a Priest of Trog.
             Slain by a gnoll sergeant (9 damage)
             ... on level 7 of the Dungeon on Feb 9, 2022.
             The game lasted 00:19:54 (7004 turns).

laceratedsky the Cleaver (Minotaur Berserker)       Turns: 7004, Time: 00:19:55

Health: -5/84      AC: 14    Str: 26    XL:     9   Next: 67%
Magic:  8/8        EV:  4    Int:  4    God:    Trog [***...]
Gold:   288        SH:  0    Dex: 10    Spells: 8/8 levels left

rFire   . . .      SeeInvis .   a - +8 woodcutter's axe {vorpal}
rCold   . . .      Faith    .   (no shield)
rNeg    + . .      Spirit   .   m - +0 plate armour
rPois   .          Reflect  .   (helmet restricted)
rElec   .          Harm     .   (no cloak)
rCorr   .          Rampage  .   (no gloves)
Will    .....                   (no boots)
Stlth   ..........              (no amulet)
HPRegen 0.24/turn               d - ring of positive energy
MPRegen 0.11/turn               (no ring)

@: held
A: horns 2, retaliatory headbutt
a: Renounce Religion, Berserk, Trog's Hand


You were on level 7 of the Dungeon.
You worshipped Trog.
Trog was most pleased with you.
You visited 2 branches of the dungeon, and saw 8 of its levels.

You collected 288 gold pieces.

Inventory:

Hand Weapons
 a - the +8 woodcutter's axe (weapon) {vorpal}
   (You found it on level 4 of the Dungeon)

   It inflicts extra damage upon your enemies.
 b - a +0 shortbow
 o - a +1 halberd of protection
Missiles
 n - 143 arrows
 G - 4 throwing nets (quivered)
Armour
 f - a +0 scale mail
 m - a +0 plate armour (worn)
Jewellery
 d - a ring of positive energy (left hand)
 q - an amulet of magic regeneration
 v - a ring of protection from fire
 F - a +6 ring of intelligence
Wands
 D - a wand of acid (8)
Scrolls
 g - 6 scrolls of identify {unknown}
 k - a scroll of enchant weapon {unknown}
 l - 2 scrolls of enchant armour {unknown}
 p - 3 scrolls of immolation {unknown}
 t - 2 scrolls of teleportation {unknown}
 u - a scroll of fog {unknown}
 y - a scroll of amnesia {unknown}
 A - 2 scrolls of fear {unknown}
 B - a scroll of magic mapping {unknown}
 C - a scroll of blinking {unknown}
 E - 4 scrolls of noise {unknown}
Potions
 c - a potion of berserk rage {unknown}
 e - 5 potions of curing
 h - 2 potions of lignification {unknown}
 i - a potion of mutation {unknown}
 j - a potion of attraction {unknown}
 r - a potion of brilliance {unknown}
 w - 3 potions of magic {unknown}
 x - a potion of invisibility {unknown}
 z - 2 potions of heal wounds {unknown}


   Skills:
 + Level 9.4 Fighting
 + Level 10.2 Axes
 + Level 10.0 Armour
 + Level 2.8 Dodging
 + Level 1.4 Stealth


You had 8 spell levels left.
You didn't know any spells.
Your spell library was empty.

Dungeon Overview and Level Annotations

Branches:
Dungeon (7/15)             Temple (1/1) D:4

Altars:
Ashenzari
Cheibriados
Dithmenos
Elyvilon
Fedhas
Gozag
Kikubaaqudgha
Makhleb
Okawaru
Qazlal
Ru
Trog
Vehumet
Xom
Zin
The Shining One

Shops:
D:4 [*

Annotations:
D:7 2 runed translucent doors, SnakkuSnakku7's ghost, novice KoWr


Innate Abilities, Weirdness & Mutations

You have a pair of horns on your head.
You reflexively headbutt those who attack you in melee.


Message History

The gnoll freezes you.
You are too injured to fight recklessly!
You are too injured to fight recklessly!
You are too injured to fight recklessly!
You are too injured to fight recklessly!
You slice the gnoll sergeant!!
Your headbutt misses the gnoll sergeant.
The gnoll sergeant is almost dead.
You hit the gnoll.
You kill the gnoll!
Trog accepts your kill.
The gnoll sergeant hits you with a +0 trident!
The gnoll hits you from afar with a +0 spear.
The gnoll throws a throwing net.
The throwing net hits you.
You become entangled in the net!
The gnoll hits you from afar with a +2 spear of freezing.
The gnoll freezes you.
You struggle against the net.
The centaur shoots an arrow.
The arrow hits you but does no damage.
The gnoll sergeant hits you with a +0 trident!
* * * LOW HITPOINT WARNING * * *
The gnoll hits you from afar with a +0 spear.
* * * LOW HITPOINT WARNING * * *
The gnoll hits you but does no damage. x2; The centaur shoots an arrow.
The arrow hits you.
* * * LOW HITPOINT WARNING * * *
It was a potion of curing.
You feel better.
The orc wizard casts a spell.
The orc wizard flickers and vanishes!
The centaur shoots an arrow.
The arrow hits you.
* * * LOW HITPOINT WARNING * * *
The gnoll sergeant hits you but does no damage.
The gnoll hits you but does no damage.
The gnoll hits you from afar with a +3 halberd!
* * * LOW HITPOINT WARNING * * *
The gnoll hits you but does no damage.
You struggle against the net.
The centaur shoots an arrow.
The arrow hits you.
* * * LOW HITPOINT WARNING * * *
The gnoll sergeant hits you with a +0 trident!
You die...

## #......... ....
#.........
.....#.........
.....#...(.....
........o.....
.....cg.....
#####.#).g{o...
.......@.g{..# .##
..##..#g###### .># #
#.....# ... ##.#.#..##
..## .......†.# ...
##.......### ..#
######....# ..## #+#
######.)#...#
...###.###...##..###...


You could see a gnoll sergeant, a centaur, 3 gnolls and 2 orcs.

Vanquished Creatures
  Harold (D:7)
  Maggie (D:6)
  The ghost of KApperson the Skirmisher, an amateur MiBe of Trog (D:4)
  Prince Ribbit (D:5)
  Sigmund (D:4)
  A wyvern (D:5)
  A water moccasin (D:6)
  A black bear (D:6)
  A sky beast (D:5)
  An orc warrior (D:6)
  2 ogres (D:6)
  A centaur (D:6)
  A kobold brigand (D:6)
  A bullfrog (D:7)
  A wyvern zombie (D:6)
  A water moccasin skeleton (D:4)
  3 wights (D:6)
  2 bullfrog skeletons
  A hound (D:5)
  A centaur skeleton (D:6)
  3 centaur zombies
  2 orc priests
  4 iguanas
  2 orc wizards
  A hound skeleton (D:4)
  A howler monkey zombie (D:4)
  A howler monkey skeleton (D:6)
  6 adders
  8 gnolls
  A white imp (D:6)
  2 ufetubi
  A worm (D:1)
  An adder skeleton (D:5)
  19 orcs
  6 endoplasms
  2 giant cockroaches (D:1)
  4 goblins
  2 hobgoblins (D:2)
  6 quokkas
  4 ball pythons
  5 bats
  3 frilled lizards
  6 kobolds
  4 rats
118 creatures vanquished.

Notes
Turn   | Place    | Note
-------+----------+-------------------------------------------
     0 | D:1      | laceratedsky the Minotaur Berserker began the quest for the
                  | Orb.
     0 | D:1      | Reached XP level 1. HP: 19/19 MP: 0/0
   353 | D:1      | Found a faded altar of an unknown god.
   359 | D:1      | Reached XP level 2. HP: 10/27 MP: 1/1
  1526 | D:2      | Reached XP level 3. HP: 30/33 MP: 2/2
  2178 | D:3      | Reached XP level 4. HP: 21/41 MP: 3/3
  2219 | D:3      | Reached skill level 5 in Axes
  2352 | D:3      | Reached ** piety under Trog
  3219 | D:4      | Found Oloczum's Antique Armour Boutique.
  3283 | D:4      | Reached XP level 5. HP: 17/47 MP: 4/4
  3492 | D:4      | Found the +8 woodcutter's axe {vorpal}
  3579 | D:4      | Noticed Sigmund
  3593 | D:4      | Killed Sigmund
  3594 | D:4      | Reached skill level 5 in Fighting
  3594 | D:4      | Reached XP level 6. HP: 51/56 MP: 5/5
  3629 | D:4      | Found Qentuih's Gadget Gallery.
  3685 | D:4      | Reached skill level 5 in Armour
  3861 | D:4      | Found a runed translucent gate.
  3861 | D:4      | Found a runed translucent gate.
  3861 | D:4      | Found a runed translucent gate.
  3862 | D:4      | Noticed KApperson's ghost (amateur MiBe)
  3873 | D:4      | Found a staircase to the Ecumenical Temple.
  3967 | Temple   | Entered the Ecumenical Temple
  4202 | D:4      | Killed KApperson's ghost
  4203 | D:4      | Reached XP level 7. HP: 55/62 MP: 6/6
  4278 | D:5      | Entered Level 5 of the Dungeon
  4397 | D:5      | Noticed Prince Ribbit
  4410 | D:5      | Killed Prince Ribbit
  4544 | D:5      | Reached XP level 8. HP: 71/71 MP: 7/7
  4950 | D:5      | Found a shadowy altar of Dithmenos.
  4993 | D:6      | Noticed Maggie
  5007 | D:6      | Killed Maggie
  5434 | D:6      | Reached *** piety under Trog
  5554 | D:6      | Found a burning altar of Makhleb.
  5579 | D:6      | Reached skill level 1 in Stealth
  5709 | D:6      | Reached XP level 9. HP: 73/81 MP: 8/8
  5933 | D:6      | Found a radiant altar of Vehumet.
  6578 | D:6      | Found a stormy altar of Qazlal.
  6767 | D:7      | Found a large runed translucent door.
  6767 | D:7      | Found a large runed translucent door.
  6769 | D:7      | Noticed SnakkuSnakku7's ghost (novice KoWr)
  6770 | D:7      | Noticed Harold
  6778 | D:7      | Killed Harold
  6779 | D:7      | Reached skill level 10 in Axes
  6930 | D:7      | Reached skill level 10 in Armour
  7004 | D:7      | HP: 4/84 [centaur/arrow (1)]
  7004 | D:7      | Slain by a gnoll sergeant

Illustrated notes

Levels and vault maps discovered:
D:1:      dpeg_arrival_brainrot, layout_basic,
          hellmonk_ecumenical_altar_pennies_from_heaven
D:2:      layout_loops_ring
D:3:      layout_loops_ring
D:4:      layout_cave_pools, minmay_temple_entry_statues_pillars, serial_shops,
          nicolae_shop_hallway_stairs, gammafunk_ghost_necromancy,
          nicolae_shop_gadgets, uniq_sigmund
D:5:      layout_cave_pools, general_overflow_altar, uniq_prince_ribbit1
D:6:      layout_loops_ring, pf_just_have_faith, nicolae_vehumet_radiance,
          marbit_many_paths, hex_medium, uniq_maggie
D:7:      layout_rooms, gammafunk_temple_overflow_elements,
          ebering_ghost_disaster_area, uniq_harold, uniq_pikel
Temple:   minmay_temple_bridge_abc

Skill      XL: |  1  2  3  4  5  6  7  8  9 |
---------------+----------------------------+-----
Axes           | 4 5 6 7 8 9 10 | 10.2
Fighting       | 4 5 6 7 9 |  9.4
Armour         | 3 4 5 6 8 10 | 10.0
Stealth        | 1 |  1.4
Dodging        | |  2.8

Action                   |  1- 3 |  4- 6 |  7- 9 || total
-------------------------+-------+-------+-------++-------
Melee: Hand axe          |    99 |    18 |       ||   117
       Headbutt          |    14 |     7 |    27 ||    48
       Punch             |     1 |       |     1 ||     2
       War axe           |       |    51 |   123 ||   174
  Use: Potion            |       |       |     1 ||     1
Armor: Animal skin       |     1 |       |       ||     1
       Scale mail        |    29 |       |       ||    29
       Plate armour      |    19 |    49 |    75 ||   143
Dodge: Dodged            |    54 |    27 |    49 ||   130
